 Dungeon Crawl Stone Soup version 0.16-a0-4002-g2d13b8e (console) character file.

29227 Monkaria the Severer (level 13, -8/115 HPs)
             Began as a Deep Dwarf Fighter on Feb 14, 2015.
             Was a High Priest of Makhleb.
             Mangled by Gruud's ghost (41 damage)
             ... on level 3 of the Lair of Beasts.
             The game lasted 00:49:18 (14202 turns).

Monkaria the Severer (Deep Dwarf Fighter)          Turns: 14202, Time: 00:49:19

Health: -8/115     AC: 11    Str: 24      XL:     13   Next: 14%
Magic:  22/22      EV: 16    Int: 11      God:    Makhleb [*****.]
Gold:   353        SH:  0    Dex:  7 (11) Spells: 0 memorised, 12 levels left

rFire  . . .     SeeInvis .     p - +4 battleaxe (freeze)
rCold  . . .     Clarity  .     b - +0 scale mail
rNeg   . . .     SustAb   .     (no shield)
rPois  +         Gourm    .     (helmet restricted)
rElec  .         Spirit   .     k - +2 cloak
rCorr  .         Warding  .     (no gloves)
rMut   .         Stasis   .     (no boots)
MR     +....                    (no amulet)
Stlth  ..........               G - ring of loudness (curse)
                                h - +4 ring of evasion

@: non-regenerating, somewhat resistant to hostile enchantments, extremely
unstealthy
A: damage resistance, recharge devices, horns 2, talons 1, clever 1, clumsy 1,
sense surroundings 2, poison resistance, screaming 1, slow healing 3, forlorn
a: Device Recharging, Minor Destruction, Lesser Servant of Makhleb, Major
Destruction, Greater Servant of Makhleb, Renounce Religion


You were on level 3 of the Lair of Beasts.
You worshipped Makhleb.
Makhleb was extremely pleased with you.
You were hungry.

You visited 3 branches of the dungeon, and saw 15 of its levels.
You also visited: Sewer.

You collected 980 gold pieces.
You spent 541 gold pieces at shops.

Inventory:

Hand weapons
 p - a +4 battleaxe of freezing (weapon)
Missiles
 e - 5 needles of sleeping
 s - 19 poisoned needles
 J - 12 tomahawks (quivered)
Armour
 b - a +0 scale mail (worn)
 k - a +2 cloak (worn)
Jewellery
 h - a +4 ring of evasion (left hand)
 C - an uncursed ring of protection from cold
 E - a +3 ring of intelligence
 G - a cursed ring of loudness (right hand)
 R - an uncursed ring of wizardry
Magical devices
 a - a wand of paralysis (0)
 d - a wand of heal wounds (0)
 y - a wand of random effects (0)
Scrolls
 g - 9 scrolls of teleportation
 i - 2 scrolls of blinking
 m - 4 scrolls of remove curse
 r - a scroll of magic mapping
 w - a scroll of identify
 D - 3 scrolls of fog
Potions
 j - 2 potions of magic
 n - a potion of invisibility
 q - 6 potions of curing
 t - 6 potions of restore abilities
 u - 3 potions of brilliance
 v - a potion of berserk rage
 x - 2 potions of resistance {unknown}
 z - 3 potions of heal wounds
 B - 3 potions of agility {unknown}
 T - a potion of cure mutation {unknown}
 Y - a potion of degeneration {unknown}
Books
 A - a book of the Dragon

   Spells                             Type                      Level
   a - Flight                         Charms/Air                   3
   b - Cause Fear                     Hexes                        4
   c - Bolt of Fire                   Conjuration/Fire             6
   d - Dragon Form                    Transmutation                7
   e - Dragon's Call                  Summoning                    9
Miscellaneous
 W - an ornate deck of changes {drawn: 4}
Comestibles
 c - 3 chunks of flesh
 f - 12 bread rations
 l - 6 fruits
 o - a slice of pizza
 H - a meat ration


   Skills:
 - Level 7.0 Fighting
 - Level 15.0 Axes
 - Level 8.0 Armour
 + Level 8.9 Dodging
   Level 3.2 Shields
 - Level 13.3 Invocations


You had 12 spell levels left.
You didn't know any spells.

Dungeon Overview and Level Annotations

Branches:
Dungeon (11/15)            Temple (1/1) D:6            Lair (3/8) D:10
    Orc (0/4) D:11
  Swamp: Lair:3-6    Shoals: Lair:3-6     Snake: Lair:3-6    Spider: Lair:3-6

Altars:
Ashenzari
Cheibriados
Dithmenos
Elyvilon
Fedhas
Gozag
Kikubaaqudgha
Makhleb
Nemelex Xobeh
Okawaru
Qazlal
Ru
Sif Muna
Trog
Vehumet
Xom
Yredelemnul
Zin
The Shining One

Shops:
D:5 !   D:7 *   D:10 *

Annotations:
Lair:3 Gruud's ghost, powerful OgHu


Innate Abilities, Weirdness & Mutations

You are resistant to damage.
You can recharge devices by infusing magical energy.
You passively map the area around you.
You do not heal naturally.
You have a pair of horns on your head.
You have sharp toenails.
Your mind is acute. (Int +2)
You are clumsy. (Dex -2)
Your system is resistant to poisons.
You occasionally shout uncontrollably at your foes.
You have difficulty communicating with the divine.


Message History

You feel much better.
This wand has 2 charges left.
Gruud's ghost hits you.
Unknown command.
Evoke which item? (* to show all) (? for menu, Esc to quit)
Zapping:
d - a wand of heal wounds (2)
Press: ? - help, Shift-Dir - straight line, f - you You feel much better.
This wand has 1 charge left.
Gruud's ghost misses you.
Unknown command.
You closely miss Gruud's ghost. Your headbutt misses Gruud's ghost.
Gruud's ghost is heavily damaged.
Gruud's ghost hits you!!!
* * * LOW HITPOINT WARNING * * *
You closely miss Gruud's ghost. Your kick misses Gruud's ghost.
Gruud's ghost is heavily damaged.
Gruud's ghost hits you!!
* * * LOW HITPOINT WARNING * * *
Evoke which item? (* to show all) (? for menu, Esc to quit)
Zapping:
d - a wand of heal wounds (1)
Press: ? - help, Shift-Dir - straight line, f - you You feel much better.
This wand has 0 charges left.
Gruud's ghost hits you!!!
You die...

#..#......##...##......P
#..###..####....##.##.##
#..##..##..#...##...###
##...................#
#...........(.......#
#..................##,>
#..................#
#..................#
#..P##@###.#......... ,
#...###W##.#.........,
#...##...........####,
#...##......#..... ,**
##..##......#, ,. ,,
#..##........ * * #..
#......#...,* *,
,#......##....., , *
.......# ..., *


You could see Gruud's ghost.

Vanquished Creatures
  The ghost of Warspiderx the Covered, an experienced HuFi of Okawaru (D:7)
  3 hill giants
  Joseph (D:7)
  3 spiny frogs (Lair:2)
  A gargoyle (D:11)
  2 fire drakes
  2 merfolk (D:11)
  4 trolls (D:11)
  3 blink frogs
  A two-headed ogre (D:11)
  A tarantella (shapeshifter) (D:11)
  The ghost of Grangar the Firebug, an average DEFE (D:4)
  A deep elf mage (D:9)
  3 hippogriffs
  2 water elementals (D:11)
  A wyvern (D:11)
  A deep elf fighter (D:9)
  2 hungry ghosts (D:7)
  A hog (D:11)
  A yak (D:11)
  A steam dragon (D:7)
  A wolf (D:6)
  6 water moccasins
  2 sky beasts
  3 phantoms
  4 porcupines
  8 orc warriors
  Purgy (Sewer)
  14 black bears
  8 centaurs
  4 ogres
  3 ice beasts
  3 crocodiles
  2 big kobolds
  7 giant frogs
  A gnoll sergeant (D:11)
  3 wyvern zombies
  3 scorpions
  A wyvern skeleton (D:11)
  8 wights
  3 killer bees (D:10)
  5 electric eels (D:11)
  10 crimson imps
  A giant frog zombie (D:6)
  2 quasits (D:6)
  11 orc priests
  3 giant frog skeletons
  5 jellies
  A gnoll shaman (D:11)
  2 hounds
  3 centaur skeletons
  10 orc wizards
  An iguana (D:6)
  8 worker ants
  13 sheep
  3 hound zombies
  A hound skeleton (D:8)
  21 river rats
  A worker ant zombie (D:10)
  6 gnolls
  21 adders
  3 shadow imps
  5 giant mites
  3 worms
  An adder skeleton (D:4)
  9 giant geckos
  2 oozes
  48 orcs
  2 ball pythons
  2 bat skeletons (D:6)
  8 giant cockroaches
  13 goblins
  11 hobgoblins
  9 jackals
  19 kobolds
  4 quokkas
  A ball python zombie (D:5)
  13 bats
  7 giant newts
  A giant spore (D:7)
  A jackal zombie (D:8)
  19 rats
  15 spectral orcs (D:11)
  9 ballistomycetes
  A fungus (Lair:2)
  2 plants (D:11)
457 creatures vanquished.

Vanquished Creatures (collateral kills)
  Nergalle (D:11)
  A troll (D:11)
  A hound (D:11)
  2 orc wizards (D:11)
5 creatures vanquished.

Vanquished Creatures (others)
  A troll (D:11)
  An electric eel (D:11)
  A quokka (D:7)
  A giant spore (D:10)
  4 plants (D:11)
8 creatures vanquished.

Grand Total: 470 creatures vanquished

Notes
Turn   | Place    | Note
--------------------------------------------------------------
     0 | D:1      | Monkaria, the Deep Dwarf Fighter, began the quest for the Orb.
     0 | D:1      | Reached XP level 1. HP: 20/20 MP: 1/1
    69 | D:1      | Reached XP level 2. HP: 17/27 MP: 2/2
   419 | D:1      | You fall through a shaft!
   425 | D:2      | Reached XP level 3. HP: 32/34 MP: 3/3
   506 | D:2      | Reached skill level 4 in Axes
   619 | D:2      | Reached XP level 4. HP: 33/42 MP: 4/4
  1398 | D:1      | Reached skill level 5 in Axes
  1851 | D:3      | Reached XP level 5. HP: 28/49 MP: 5/5
  1863 | D:3      | Found a glowing drain.
  1910 | Sewer    | Entered a sewer
  1948 | Sewer    | Reached skill level 6 in Axes
  2001 | Sewer    | Noticed Purgy
  2017 | Sewer    | Killed Purgy
  2017 | Sewer    | Reached XP level 6. HP: 37/56 MP: 6/6
  2224 | D:4      | Found a sacrificial altar of Ru.
  2288 | D:4      | Reached skill level 7 in Axes
  2367 | D:4      | Noticed Grangar's ghost (average DEFE)
  2396 | D:4      | Killed Grangar's ghost
  2396 | D:4      | Reached skill level 8 in Axes
  2455 | D:4      | Reached XP level 7. HP: 36/62 MP: 7/7
  2657 | D:4      | Reached skill level 9 in Axes
  3094 | D:5      | Entered Level 5 of the Dungeon
  3171 | D:5      | Reached skill level 10 in Axes
  3178 | D:5      | Reached XP level 8. HP: 50/69 MP: 8/8
  3424 | D:5      | Found Doel's Distillery.
  3431 | D:5      | Bought a potion of heal wounds for 75 gold pieces
  3431 | D:5      | Bought a potion of curing for 45 gold pieces
  3431 | D:5      | Bought a potion of haste for 150 gold pieces
  3763 | D:5      | Found a shadowy altar of Dithmenos.
  3918 | D:6      | Reached skill level 11 in Axes
  3945 | D:6      | Found a blossoming altar of Fedhas.
  3950 | D:6      | Found a stormy altar of Qazlal.
  4094 | D:6      | Reached skill level 12 in Axes
  4197 | D:6      | Gained mutation: You passively map the area around you. [level up]
  4197 | D:6      | Reached XP level 9. HP: 48/75 MP: 8/8
  4227 | D:6      | Found a staircase to the Ecumenical Temple.
  4254 | Temple   | Entered the Ecumenical Temple
  4789 | D:6      | Reached skill level 13 in Axes
  4951 | D:6      | Found a glowing golden altar of the Shining One.
  5485 | D:7      | Noticed Warspiderx's ghost (experienced HuFi)
  5522 | D:7      | Killed Warspiderx's ghost
  5522 | D:7      | Reached skill level 5 in Fighting
  5734 | D:7      | Noticed Joseph
  5783 | D:7      | Killed Joseph
  5783 | D:7      | Reached XP level 10. HP: 47/94 MP: 8/8
  5959 | D:7      | Found Mauboiph's Serpentskin Sales.
  5984 | D:7      | Reached skill level 5 in Armour
  6503 | D:8      | Found an ancient bone altar of Kikubaaqudgha.
  6542 | D:8      | Found a burning altar of Makhleb.
  6543 | D:8      | Found a sparkling altar of Nemelex Xobeh.
  6543 | D:8      | Found a glowing silver altar of Zin.
  6545 | D:8      | Found a sacrificial altar of Ru.
  6547 | D:8      | Found a radiant altar of Vehumet.
  6556 | D:8      | Found a shattered altar of Ashenzari.
  6557 | D:8      | Found an opulent altar of Gozag.
  6566 | D:8      | Became a worshipper of Makhleb the Destroyer
  6599 | D:8      | Got a jewelled ring mail
  6610 | D:8      | Identified the +2 ring mail "Jokhe" {rF- Str+5 Dex+2} (You took it off a wight on level 8 of the Dungeon)
  6678 | D:8      | Reached skill level 1 in Invocations
  6692 | D:8      | HP: 4/94 [orc warrior/war axe (13)]
  6855 | D:8      | Gained mutation: Your system is resistant to poisons. [mutagenic meat]
  7357 | D:8      | Acquired Makhleb's first power
  7394 | D:9      | Noticed a hill giant
  7494 | D:9      | Reached skill level 5 in Invocations
  7519 | D:9      | Killed a hill giant
  7963 | D:9      | Gained mutation: You have sharp toenails. [potion of mutation]
  7963 | D:9      | Gained mutation: Your mind is acute. (Int +2) [potion of mutation]
  7963 | D:9      | Gained mutation: You have a pair of small horns on your head. [potion of mutation]
  8091 | D:9      | Acquired Makhleb's second power
  8433 | D:10     | Entered Level 10 of the Dungeon
  8466 | D:10     | Reached skill level 10 in Invocations
  9057 | D:10     | Found Kiocu's Assorted Antiques.
  9061 | D:10     | Bought a scroll labeled RASYRUBAIG for 31 gold pieces
  9061 | D:10     | Bought a smoky ruby potion for 27 gold pieces
  9061 | D:10     | Bought a red potion for 27 gold pieces
  9061 | D:10     | Bought a tubular brass ring for 155 gold pieces
  9061 | D:10     | Bought a scroll labeled JAYDOR SMYIZUC for 31 gold pieces
  9384 | D:10     | Found a staircase to the Lair.
  9585 | D:10     | Reached XP level 11. HP: 53/100 MP: 20/22
  9592 | D:10     | Acquired Makhleb's third power
 10186 | D:11     | Gained mutation: You have a pair of horns on your head. [potion of mutation]
 10186 | D:11     | Gained mutation: You have difficulty communicating with the divine. [potion of mutation]
 10186 | D:11     | Gained mutation: You are clumsy. (Dex -2) [potion of mutation]
 10187 | D:11     | Gained mutation: You occasionally shout uncontrollably at your foes. [potion of mutation]
 10299 | D:11     | Noticed Nergalle
 10318 | D:11     | HP: 4/100 [Nergalle/bolt of negative energy (28)]
 10394 | D:11     | Killed Nergalle
 10516 | D:11     | Found a staircase to the Orcish Mines.
 10535 | D:11     | Noticed a hill giant
 10554 | D:11     | Killed a hill giant
 10689 | D:11     | Noticed a hill giant
 10701 | D:11     | Killed a hill giant
 10705 | D:11     | Found a glowing golden altar of the Shining One.
 10947 | D:11     | Acquired Makhleb's fourth power
 11205 | D:11     | Reached skill level 14 in Axes
 12056 | D:11     | Reached skill level 15 in Axes
 12056 | D:11     | Reached skill level 5 in Dodging
 12056 | D:11     | Reached XP level 12. HP: 66/109 MP: 21/21
 12373 | Lair:1   | Entered Level 1 of the Lair of Beasts
 13039 | Lair:1   | Reached XP level 13. HP: 65/115 MP: 22/22
 13599 | Lair:2   | Acquired Makhleb's fifth power
 14184 | Lair:3   | Noticed Gruud's ghost (powerful OgHu)
 14202 | Lair:3   | Mangled by Gruud's ghost

Action                   |  1- 3 |  4- 6 |  7- 9 | 10-12 | 13-15 || total
-------------------------+-------+-------+-------+-------+-------++-------
Melee: War axe           |    89 |   185 |   469 |   908 |       ||  1651
       Battleaxe         |       |       |       |    53 |   102 ||   155
Invok: Minor Destruction |       |       |       |    11 |       ||    11
       Lesser Servant of |       |       |       |     1 |       ||     1
 Abil: Device Recharging |       |       |     2 |     5 |       ||     7
Evoke: Wand              |     1 |     4 |    18 |    43 |     6 ||    72
       Deck              |       |       |       |     4 |       ||     4
  Use: Scroll            |       |     6 |     1 |    22 |     3 ||    32
       Potion            |       |     1 |     2 |     6 |       ||     9
 Stab: Paralysed         |       |       |       |     5 |       ||     5
       Distracted        |       |       |       |     1 |       ||     1
  Eat: Chunk             |       |     5 |    12 |    20 |     3 ||    40
       Meat ration       |       |       |       |     1 |       ||     1
       Royal jelly       |       |       |       |     1 |       ||     1
